Map: 2000 Atmospheres LE

Players

MaxPax - Winner!

  • Race: Protoss Protoss

MarineLorD

  • Race: Terran Terran
  • League: Master

Event: DreamHack SC2 Masters 2021 Fall

VOD

Have the link to the VOD?

Description

Time

  • Played on: Aug. 14, 2021, 9:20 a.m.
  • Length: 16:48

All games in this series

Show
View Real Time Build Order
Export as new Build Order

MaxPax Protoss - Winner!

Build Orders: Blink Stalkers 

Get SALT Encoding   

  12  0:00  Probe  
  13  0:12  Probe  
  14  0:17  Pylon  
  14  0:24  Probe (Chrono Boost)  
  15  0:36  Probe (Chrono Boost)  
  15  0:37  Gateway  
  16  0:44  Probe (Chrono Boost)  
  16  0:46  Assimilator  
  17  0:50  Probe  
  18  1:03  Probe  
  19  1:15  Probe  
  20  1:24  Cybernetics Core  
  20  1:27  Probe  
  21  1:35  Pylon  
  21  1:39  Probe  
  22  1:51  Probe  
  23  1:56  Nexus  
  23  2:01  Adept (Chrono Boost)  
  23  2:06  Warp Gate  
  25  2:10  Assimilator  
  25  2:14  Probe (Chrono Boost)  
  26  2:23  Adept  
  26  2:26  Probe (Chrono Boost)  
  29  2:35  Probe (Chrono Boost)  
  30  2:41  Probe  
  31  2:44  Twilight Council  
  31  2:55  Gateway  
  31  3:10  Probe (Chrono Boost)  
  31  3:11  Probe (Chrono Boost)  
  33  3:18  Blink (Chrono Boost)  
  34  3:21  Probe (Chrono Boost)  
  34  3:24  Probe (Chrono Boost)  
  34  3:26  Probe (Chrono Boost)  
  35  3:31  Robotics Facility  
  35  3:32  Probe  
  37  3:36  Probe  
  38  3:42  Gateway  
  38  3:43  Gateway  
  38  3:44  Probe  
  38  3:46  Pylon  
  39  3:48  Probe  
  39  3:55  Stalker  
  42  3:56  Stalker  
  42  3:58  Probe  
  45  4:03  Probe  
  45  4:05  Pylon  
  46  4:10  Probe  
  46  4:14  Assimilator  
  46  4:15  Warp Prism (Chrono Boost)  
  46  4:16  Probe  
  50  4:27  Stalker  
  50  4:29  Probe  
  50  4:30  Probe  
  54  4:35  Stalker  
  56  4:39  Pylon  
  56  4:41  Probe  
  56  4:43  Pylon  
  57  4:46  Assimilator  
  57  4:50  Probe  
  57  4:52  Stalker x2  
  62  5:02  Stalker x2  
  62  5:13  Probe  
  61  5:19  Stalker x2  
  65  5:22  Probe  
  64  5:31  Stalker x2  
  64  5:37  Probe  
  64  5:41  Probe  
  63  5:47  Robotics Bay  
  63  5:48  Forge  
  63  5:49  Pylon x2, Observer (Chrono Boost)  
  64  5:58  Stalker x3  
  64  5:59  Stalker  
  64  6:00  Probe x2  
  66  6:21  Stalker x2  
  66  6:22  Stalker x2  
  74  6:30  Charge  
  74  6:34  Probe  
  74  6:35  Nexus  
  74  6:36  Probe  
  76  6:44  Colossus (Chrono Boost)  
  83  7:01  Protoss Ground Weapons Level 1  
  83  7:03  Zealot x4  
  83  7:04  Probe  
  83  7:05  Probe  
  90  7:17  Probe  
  90  7:18  Extended Thermal Lance  
  90  7:21  Probe  
  92  7:23  Pylon  
  92  7:27  Zealot  
  94  7:34  Probe  
  93  7:37  Colossus (Chrono Boost)  
  95  7:45  Stalker x3  
  95  7:50  Photon Cannon  
  101  7:52  Probe x2  
  101  7:53  Probe  
  101  7:55  Stalker  
  106  8:04  Observer, Probe  
  95  8:17  Probe  
  95  8:19  Gateway  
  96  8:20  Gateway  
  96  8:21  Sentry  
  96  8:22  Colossus (Chrono Boost), Gateway  
  96  8:23  Shield Battery  
  104  8:29  Zealot x2  
  100  8:40  Shield Battery  
  100  8:43  Pylon, Sentry  
  100  8:45  Pylon, Zealot  
  104  8:54  Photon Cannon  
  104  8:56  Pylon, Colossus (Chrono Boost), Zealot x2  
  104  9:02  Shield Battery  
  114  9:06  Stalker  
  114  9:15  Zealot x3  
  120  9:17  Stalker  
  120  9:18  Pylon, Protoss Ground Weapons Level 2  
  122  9:25  Stalker x2  
  126  9:33  Stalker  
  128  9:42  Zealot x3  
  124  9:54  Immortal (Chrono Boost)  
  120  10:02  Zealot x7  
  128  10:21  Pylon  
  128  10:23  Warp Prism (Chrono Boost)  
  128  10:25  Zealot x5  
  138  10:42  Zealot x2  
  140  10:49  Disruptor (Chrono Boost)  
  134  10:55  Nexus  
  137  10:58  Pylon, Dark Shrine  
  137  10:59  Photon Cannon  
  137  11:03  Stalker x2  
  139  11:10  Zealot x3  
  143  11:17  Disruptor (Chrono Boost)  
  140  11:32  Gateway, Zealot x4  
  148  11:34  Pylon  
  148  11:43  Probe  
  148  11:45  Disruptor (Chrono Boost)  
  148  11:47  Photon Cannon  
  148  11:49  Probe  
  149  11:56  Stalker x4  
  155  12:15  Disruptor (Chrono Boost), Shield Battery  
  155  12:20  Zealot x6  
  156  12:35  Stalker x2  
  144  12:47  Stalker x2  
  144  12:48  Stalker x4  
  154  12:55  Shadow Stride (Chrono Boost)  
  129  13:22  Zealot x2  
  129  13:23  Disruptor (Chrono Boost), Zealot x6  
  142  13:30  Nexus  
  117  13:53  Zealot x8  
  111  14:04  Colossus (Chrono Boost)  
  113  14:19  Sentry x2  
  113  14:23  Dark Templar x3  
  123  14:28  Dark Templar  
  125  14:37  Dark Templar x2  
  128  14:44  Sentry  
  130  14:52  Colossus (Chrono Boost)  
  134  15:02  Stalker x3  
  140  15:12  Dark Templar x2  
  134  15:25  Dark Templar x2  
  123  15:42  Dark Templar  
  113  15:43  Zealot x3  
  108  15:51  Zealot x2  
  106  16:11  Nexus  
  106  16:15  Stalker x4  
  106  16:16  Observer (Chrono Boost)  
  103  16:43  Dark Templar x2, Zealot x2  
  103  16:44  Zealot x2  
Show
View Real Time Build Order
Export as new Build Order

MarineLorD Terran 

Build Orders:  

Get SALT Encoding   

  12  0:00  SCV  
  13  0:12  SCV  
  14  0:16  Supply Depot  
  14  0:24  SCV  
  15  0:38  SCV, Barracks  
  16  0:47  Refinery  
  16  0:50  SCV  
  17  1:02  SCV  
  18  1:05  Engineering Bay  
  18  1:14  SCV  
  19  1:25  Marine  
  19  1:26  Orbital Command  
  20  1:43  Engineering Bay  
  19  1:52  Barracks Reactor  
  19  1:53  Command Center  
  19  1:57  SCV  
  20  2:04  Supply Depot  
  20  2:09  SCV  
  21  2:16  Barracks  
  21  2:21  SCV  
  22  2:27  Marine, Barracks  
  22  2:29  Marine  
  24  2:33  SCV  
  25  2:40  Bunker  
  25  2:45  SCV  
  25  2:48  Marine x2  
  28  2:57  SCV  
  29  3:03  Barracks Tech Lab  
  29  3:06  Marine x2, Orbital Command  
  31  3:15  SCV, Barracks Tech Lab  
  32  3:21  Marine  
  32  3:22  Stimpack  
  32  3:24  Marine x2  
  35  3:27  SCV  
  35  3:32  SCV  
  37  3:36  Marine  
  37  3:37  Supply Depot  
  37  3:39  Marine, SCV  
  40  3:42  Marine  
  40  3:44  Marine, SCV  
  40  3:45  Combat Shield  
  43  3:51  SCV  
  43  3:53  Marine  
  43  3:54  Supply Depot  
  45  3:57  SCV  
  45  3:58  Marine  
  47  4:03  Marine, SCV  
  47  4:04  Marine  
  47  4:05  Refinery  
  47  4:09  SCV  
  51  4:12  Supply Depot  
  51  4:15  SCV  
  52  4:17  Engineering Bay  
  52  4:18  Marine x2  
  52  4:21  Marine  
  52  4:22  SCV  
  56  4:28  SCV  
  57  4:32  Factory  
  57  4:34  SCV  
  57  4:36  Marine x3  
  61  4:41  SCV  
  61  4:43  Refinery  
  61  4:44  Terran Infantry Weapons Level 1  
  62  4:48  Missile Turret  
  62  4:52  Marine  
  63  4:54  Marine x3  
  63  4:56  SCV  
  65  5:05  SCV  
  64  5:14  Marine x2  
  64  5:18  Marauder  
  64  5:19  Factory Reactor  
  64  5:21  Marine  
  67  5:22  Starport  
  66  5:31  Marine x2  
  59  5:41  Marauder x2  
  59  5:42  Bunker  
  57  5:43  SCV x2  
  57  5:45  Bunker  
  57  5:46  Refinery  
  59  5:53  Marine x2  
  59  5:55  SCV x2  
  63  6:04  Medivac x2  
  63  6:06  Marauder  
  63  6:07  Factory Reactor  
  63  6:09  Supply Depot  
  69  6:11  Marauder  
  61  6:21  Marine x2  
  59  6:28  Marauder  
  59  6:31  SCV x2, Barracks  
  65  6:33  Barracks, Marauder  
  65  6:34  Medivac x2  
  65  6:39  Marine x2  
  71  6:44  SCV  
  72  6:48  Widow Mine  
  72  6:49  Widow Mine, Marauder  
  72  6:50  SCV  
  77  6:55  Marauder  
  77  6:56  SCV  
  77  7:02  Supply Depot  
  77  7:03  Terran Infantry Armor Level 1, Supply Depot  
  77  7:04  Supply Depot  
  77  7:05  SCV  
  78  7:10  SCV  
  78  7:24  Marine x2, Widow Mine, Marauder x2  
  78  7:25  SCV, Widow Mine  
  78  7:29  SCV  
  88  7:40  SCV, Medivac x2  
  88  7:41  SCV  
  91  7:45  Concussive Shells  
  91  7:46  Marauder  
  91  7:47  Barracks Tech Lab  
  93  7:53  SCV  
  93  7:54  SCV  
  95  8:05  SCV  
  92  8:06  SCV  
  92  8:09  Marine  
  92  8:10  Viking, Marauder  
  92  8:13  Medivac  
  92  8:16  Barracks Reactor  
  92  8:17  Marauder x2  
  97  8:21  Command Center  
  97  8:27  Supply Depot  
  97  8:28  Supply Depot  
  97  8:29  Supply Depot  
  97  8:33  Marine x2, Marauder  
  101  8:49  Widow Mine x2, Medivac x2  
  109  8:56  Marine x4, Marauder x3  
  109  8:58  Supply Depot, SCV  
  109  8:59  Supply Depot  
  120  9:14  Marine x2  
  122  9:17  Marauder x2  
  122  9:19  Medivac x2  
  130  9:25  SCV  
  130  9:28  SCV, Supply Depot  
  130  9:29  Marine, Supply Depot, Marauder  
  135  9:38  Marine  
  135  9:39  Marauder x2  
  134  9:46  Marine x2  
  134  9:50  Marauder  
  122  9:53  Marine  
  122  9:54  SCV x2  
  122  9:56  Marine  
  121  10:00  Marauder x2  
  121  10:06  SCV x2  
  124  10:07  Widow Mine  
  124  10:08  Widow Mine  
  130  10:18  Orbital Command  
  130  10:19  SCV x2  
  130  10:25  Marauder  
  130  10:26  Marauder  
  132  10:31  SCV, Armory  
  132  10:32  SCV  
  134  10:40  Marine x3, Marauder  
  137  10:43  SCV  
  137  10:44  SCV  
  139  10:51  Marine, Marauder x2  
  139  10:53  SCV  
  145  10:58  Marine  
  148  11:04  Marine, Marauder  
  149  11:14  Marine  
  149  11:19  Marine  
  149  11:21  Supply Depot  
  149  11:23  Supply Depot x2  
  149  11:25  Supply Depot  
  149  11:27  Terran Infantry Weapons Level 2  
  149  11:29  Terran Ship Weapons Level 1  
  149  11:30  Medivac x2, Marauder x2  
  157  11:37  Marine  
  157  11:42  Marine x4  
  157  11:43  Widow Mine x2  
  157  11:45  SCV x3  
  164  11:57  SCV x2  
  164  11:59  SCV  
  167  12:03  Marine x2  
  167  12:04  Bunker  
  167  12:07  Marauder  
  165  12:09  Marine x2, SCV, Marauder  
  165  12:11  SCV  
  165  12:13  Marauder  
  173  12:17  SCV  
  173  12:21  Marine  
  174  12:23  SCV x2  
  174  12:28  Marauder  
  166  12:31  Marine x2  
  166  12:32  Marauder  
  166  12:34  SCV, Marauder  
  168  12:40  Marine  
  169  12:49  Marauder  
  166  12:52  Marine x2  
  166  12:53  Marine, Marauder  
  157  12:58  Marine  
  157  12:59  Marauder  
  157  13:03  Viking  
  132  13:21  Marine x2, Marauder  
  132  13:24  Marauder  
  132  13:26  Marine  
  138  13:27  Marauder  
  138  13:32  Viking  
  138  13:33  Marine, Viking  
  143  13:37  Command Center  
  131  13:43  Marauder  
  124  13:51  Marauder  
  124  13:53  Marine x2, Marauder  
  124  13:54  Marine  
  112  14:05  Marauder  
  112  14:07  Marine  
  108  14:13  Marauder  
  108  14:14  Marauder  
  108  14:15  Missile Turret  
  108  14:17  Marine x2, Refinery  
  110  14:19  Refinery, Barracks x2  
  110  14:20  Barracks  
  112  14:24  Marine  
  112  14:26  Marauder  
  112  14:30  SCV x2  
  112  14:31  Marine  
  118  14:33  Ghost Academy  
  118  14:34  Marine, Marauder  
  118  14:35  Liberator  
  118  14:36  Liberator  
  127  14:45  Marine x2, Marauder  
  131  14:48  Marine, Marauder  
  134  14:55  Marine  
  134  14:56  Marauder  
  137  15:02  Marine  
  137  15:03  Marine  
  137  15:06  Marine, Marauder  
  142  15:12  SCV  
  133  15:35  Marine x2, Marauder  
  128  15:37  Marauder  
  112  15:44  Marine x2  
  110  15:51  Marine x2  
  110  15:56  Marauder  
  110  15:58  Marauder  
  110  16:02  Orbital Command  
  108  16:05  Marine x3  
  108  16:06  Marauder  
  108  16:10  Marine x3  
  114  16:11  Engineering Bay  
  114  16:13  SCV x2  
  114  16:18  Marauder  
  86  16:41  Missile Turret  

Tags
 
Add a new tag
Caveats
  • Supply blocks, unpowered buildings, or Contaminate may cause inaccurate times.
  • Supply counts are checked every 10 seconds.